[Event "Team 45 45 League T100"]
[Site "Internet Chess Club"]
[Date "2024.06.02"]
[Round "3"]
[White "Megasus"]
[Black "ARMAND02019"]
[Result "1-0"]
[WhiteElo "1594"]
[BlackElo "1581"]
[Opening "Queen's pawn game, Darooha variation "]
[ECO "D02"]
[Time "20:00:42"]
[PlyCount "97"]
[TimeControl "2700+45"]

1. Nf3 d5 2. d4 Nf6 3. c3 Nc6 4. e3 e6 5. a3 Bd6 6. Nbd2 e5 7. Bb5 e4 8. Bxc6+
bxc6 9. Ne5 Bxe5 10. dxe5 Nd7 11. f4 Nc5 12. O-O Ba6 13. b4 Bxf1 14. Nxf1 Nd3
15. Bd2 O-O 16. Qg4 f5 17. Qe2 Qe7 18. Ng3 a5 19. Qd1 axb4 20. cxb4 g6 21. Qc2
Ra6 22. Qb3 h6 23. Ne2 Kh7 24. Nd4 Rb8 25. b5 c5 26. Qxd5 cxd4 27. bxa6 Rd8 28.
Qc6 Qc5 29. Qxc5 Nxc5 30. exd4 Nxa6 31. Be3 c5 32. dxc5 Rd3 33. Kf2 Nc7 34. g3
Nd5 35. Bc1 Rc3 36. h4 Rxc5 37. a4 Nb4 38. Bd2 Na6 39. Rb1 Rc7 40. Ke3 Ra7 41.
a5 Nc7 42. Kd4 Kg7 43. Kc5 Ne6+ 44. Kb6 Rd7 45. Rb2 Nd8 46. a6 Ne6 47. a7 Nc7
48. Kc6 Re7 49. Rb7 {Black resigns} 1-0

[Event "Team 45 45 League T100"]
[Site "Internet Chess Club"]
[Date "2024.05.31"]
[Round "3"]
[White "Kingofknights"]
[Black "fvafier"]
[Result "1-0"]
[WhiteElo "1507"]
[BlackElo "1425"]
[Opening "QGD Slav defense"]
[ECO "D13"]
[Time "15:01:11"]
[PlyCount "67"]
[TimeControl "2700+45"]

1. d4 d5 2. c4 c6 3. Nc3 Nf6 4. cxd5 cxd5 5. Nf3 e6 6. Bg5 h6 7. Bh4 Nbd7 8. a3
a6 9. e3 Bd6 10. Bd3 O-O 11. Bg3 Nb6 12. Ne5 Qe7 13. O-O Bd7 14. Qe2 Rac8 15. f4
Ne8 16. f5 exf5 17. Nxd7 Nxd7 18. Nxd5 Qd8 19. Bxd6 Nxd6 20. Bxf5 Rc6 21. Bd3
Nb6 22. Nxb6 Qxb6 23. Rad1 Re8 24. Qf2 Qc7 25. e4 Qd7 26. e5 Nc8 27. d5 Rc7 28.
Qf4 Rf8 29. Bf5 Qb5 30. d6 Rc4 31. Rd4 Rxd4 32. Qxd4 Nb6 33. e6 fxe6 34. Bxe6+
{Black resigns} 1-0

[Event "Team 45 45 League T100"]
[Site "Internet Chess Club"]
[Date "2024.05.30"]
[Round "3"]
[White "Denis240964"]
[Black "tightfist"]
[Result "0-1"]
[WhiteElo "1311"]
[BlackElo "1504"]
[Opening "French: exchange variation"]
[ECO "C01"]
[Time "13:02:38"]
[PlyCount "127"]
[TimeControl "2700+45"]

1. e4 e6 2. d4 d5 3. exd5 exd5 4. Nf3 Be7 5. Nc3 Nf6 6. Be2 O-O 7. O-O Bg4 8.
Qd3 Nbd7 9. Re1 c6 10. Ne5 Bxe2 11. Rxe2 Re8 12. Nxd7 Qxd7 13. Bd2 Bd6 14. Rae1
Rxe2 15. Rxe2 Re8 16. Bg5 Rxe2 17. Qxe2 Qf5 18. Bxf6 Qxf6 19. Qe8+ Bf8 20. Ne2
g6 21. Qe5 Qd8 22. c3 Bg7 23. Qe3 Kf8 24. f4 Qh4 25. g3 Qh3 26. b3 h5 27. Qc1 a6
28. Qa3+ Ke8 29. Qd6 Qc8 30. Kg2 h4 31. c4 dxc4 32. bxc4 hxg3 33. hxg3 Bf8 34.
Qe5+ Be7 35. Qh8+ Kd7 36. Qxc8+ Kxc8 37. Kf3 b6 38. Ke4 Kd7 39. g4 Ke6 40. g5
Ba3 41. Nc3 b5 42. d5+ Kd6 43. dxc6 Kxc6 44. cxb5+ axb5 45. f5 Bc1 46. f6 Bxg5
47. Ke5 Bc1 48. Nd5 Bb2+ 49. Ke4 Kd6 50. Nf4 Bxf6 51. Nd5 Bb2 52. Nb4 f6 53. Kf4
Bc1+ 54. Ke4 f5+ 55. Kf3 g5 56. Nd3 Ba3 57. Ke3 Kd5 58. Kf3 Kd4 59. Ke2 Bd6 60.
Nf2 g4 61. Nd3 Bg3 62. a3 Bd6 63. Nb4 Bxb4 64. axb4 {White resigns} 0-1

[Event "Team 45 45 League T100"]
[Site "Internet Chess Club"]
[Date "2024.05.30"]
[Round "3"]
[White "QuieroAprender"]
[Black "clarinetref"]
[Result "1-0"]
[WhiteElo "1716"]
[BlackElo "1466"]
[Opening "Queen's Indian defense"]
[ECO "A47"]
[Time "20:12:34"]
[PlyCount "95"]
[TimeControl "2700+45"]

1. d4 Nf6 2. Nf3 b6 3. Bf4 Bb7 4. Nbd2 d6 5. e3 Nbd7 6. h3 e6 7. c3 Be7 8. Qc2
c5 9. Bd3 cxd4 10. exd4 Rc8 11. Qa4 a5 12. O-O Bc6 13. Bb5 Bxb5 14. Qxb5 O-O 15.
Rfe1 Qc7 16. Rad1 Qc6 17. Qd3 d5 18. Ne5 Nxe5 19. Bxe5 Nd7 20. Bg3 Bd6 21. f4 b5
22. Nf3 Qc4 23. Qb1 Nf6 24. Ne5 Qc7 25. f5 Ne4 26. Rxe4 dxe4 27. Qxe4 f6 28.
fxe6 fxe5 29. dxe5 Qc5+ 30. Kh2 Be7 31. Rd5 Qc4 32. Qd4 Qxd4 33. cxd4 Rfd8 34.
Rd7 Rxd7 35. exd7 Rc4 36. d5 Rc5 37. d6 Bd8 38. e6 Kf8 39. e7+ Bxe7 40. dxe7+
Kxe7 41. Bd6+ Kxd6 42. d8=Q+ Kc6 43. Qxa5 Rc2 44. Qa8+ Kb6 45. Qd8+ Ka6 46. Qd6+
Ka5 47. b4+ Ka4 48. Qd1 {Black resigns} 1-0

[Event "Team 45 45 League T100"]
[Site "Internet Chess Club"]
[Date "2024.05.30"]
[Round "3"]
[White "RD1974"]
[Black "garytd"]
[Result "1-0"]
[WhiteElo "1600"]
[BlackElo "1495"]
[Opening "Bogo-Indian defense, Nimzovich variation"]
[ECO "E11"]
[Time "18:00:34"]
[PlyCount "57"]
[TimeControl "2700+45"]

1. d4 Nf6 2. c4 e6 3. Nf3 Bb4+ 4. Bd2 Qe7 5. a3 Bxd2+ 6. Nbxd2 b6 7. e4 d6 8.
Bd3 e5 9. O-O Bg4 10. h3 Bh5 11. Re1 O-O 12. b4 Nc6 13. d5 Nd4 14. Re3 a5 15.
Rb1 axb4 16. axb4 Ra3 17. Qf1 Bxf3 18. Nxf3 Nxf3+ 19. Rxf3 Rfa8 20. Kh2 Nh5 21.
g3 g6 22. Qc1 Kg7 23. c5 dxc5 24. bxc5 bxc5 25. Be2 Rxf3 26. Bxf3 Qf6 27. Kg2
Ra3 28. Qxa3 Qd6 29. Rb5 {Black resigns} 1-0

[Event "Team 45 45 League T100"]
[Site "Internet Chess Club"]
[Date "2024.05.31"]
[Round "3"]
[White "Electryon"]
[Black "mongmong"]
[Result "0-1"]
[WhiteElo "1490"]
[BlackElo "1473"]
[Opening "Queen's pawn game"]
[ECO "D05"]
[Time "11:01:31"]
[PlyCount "126"]
[TimeControl "2700+45"]

1. d4 e6 2. Nf3 d5 3. e3 Nf6 4. Nbd2 b6 5. Bd3 Bb7 6. b3 Be7 7. Bb2 O-O 8. O-O
Nbd7 9. c4 c5 10. cxd5 Nxd5 11. dxc5 Nxc5 12. Be2 Bf6 13. Nc4 Bxb2 14. Nxb2 Nf6
15. Rc1 Qxd1 16. Rfxd1 Rfc8 17. Ne1 Ncd7 18. Nc4 Ba6 19. Bf3 Rab8 20. Nd6 Rxc1
21. Rxc1 Ne5 22. Bd1 Kf8 23. f4 Ned7 24. e4 Ke7 25. e5 Nd5 26. g3 f6 27. Bf3
fxe5 28. fxe5 Nxe5 29. Bxd5 Kxd6 30. Be4 h6 31. Kf2 Rc8 32. Rd1+ Ke7 33. Rd2 Rd8
34. Rc2 Rc8 35. Rd2 Rc7 36. Nf3 Nxf3 37. Bxf3 Bb7 38. Be2 Bd5 39. Ke3 Kd6 40.
Bh5 Ke5 41. Rf2 Rc3+ 42. Kd2 Rc7 43. Bg6 Kd6 44. Rf8 Re7 45. Rd8+ Kc5 46. Kc3
Rc7 47. Kb2 Kc6 48. Be8+ Kc5 49. Bg6 Kd4 50. Rf8 Re7 51. Rf4+ Ke3 52. Bf7 e5 53.
Bxd5 exf4 54. gxf4 Kxf4 55. h3 g5 56. Bc4 h5 57. Bf1 g4 58. hxg4 hxg4 59. Bg2
Ke3 60. Kc2 Kf2 61. Bd5 g3 62. a3 g2 63. Bxg2 Kxg2 {White resigns} 0-1

[Event "Team 45 45 League T100"]
[Site "Internet Chess Club"]
[Date "2024.05.30"]
[Round "3"]
[White "elmaestro"]
[Black "VictorRed"]
[Result "1/2-1/2"]
[WhiteElo "1647"]
[BlackElo "1717"]
[Opening "Queen's pawn: stonewall attack"]
[ECO "D00"]
[Time "21:04:12"]
[PlyCount "56"]
[TimeControl "2700+45"]

1. d4 d5 2. e3 Nf6 3. Bd3 Nc6 4. c3 e5 5. dxe5 Nxe5 6. Be2 Bd6 7. Nd2 O-O 8.
Ngf3 Ne4 9. Nxe4 dxe4 10. Nxe5 Bxe5 11. Qxd8 Rxd8 12. f4 exf3 13. gxf3 Bf5 14.
e4 Be6 15. f4 Bf6 16. O-O Be7 17. Be3 Bh3 18. Rfd1 Bd7 19. Bf3 Bc6 20. Kg2 a6
21. e5 Bxf3+ 22. Kxf3 Rxd1 23. Rxd1 Rd8 24. Rxd8+ Bxd8 25. Ke4 c6 26. c4 g6 27.
b3 Kf8 28. Bc5+ Ke8 {Game drawn by mutual agreement} 1/2-1/2

[Event "Team 45 45 League T100"]
[Site "Internet Chess Club"]
[Date "2024.06.03"]
[Round "3"]
[White "burlap"]
[Black "fireball"]
[Result "1/2-1/2"]
[WhiteElo "1470"]
[BlackElo "1498"]
[Opening "Benko's opening"]
[ECO "A00"]
[Time "21:33:39"]
[PlyCount "124"]
[TimeControl "2700+45"]

1. g3 d5 2. Bg2 Nf6 3. Nf3 Nc6 4. O-O e5 5. d3 h6 6. c4 d4 7. b4 Bxb4 8. Nxe5
Nxe5 9. Qa4+ Nc6 10. Bxc6+ bxc6 11. Qxb4 Bh3 12. Re1 Qd6 13. Ba3 Qxb4 14. Bxb4
Nd7 15. e3 dxe3 16. Rxe3+ Be6 17. Nc3 Kd8 18. Ne2 c5 19. Ba3 g5 20. Rb1 Kc8 21.
d4 cxd4 22. Nxd4 Bxc4 23. Rc3 Bxa2 24. Rbc1 c5 25. Bxc5 Nxc5 26. Rxc5+ Kd8 27.
Ra5 Be6 28. Nxe6+ fxe6 29. Rd1+ Ke7 30. Rda1 Kf6 31. Rxa7 Rxa7 32. Rxa7 Rd8 33.
Rh7 Kg6 34. Re7 Rd6 35. Kg2 h5 36. f3 Kf6 37. Rh7 Rd2+ 38. Kh3 Kg6 39. Ra7 Rd3
40. Ra6 Rxf3 41. Rxe6+ Kf5 42. Rb6 Rd3 43. Rb5+ Kg6 44. Kg2 Rd2+ 45. Kg1 Rd1+
46. Kf2 Rd2+ 47. Kf3 Rxh2 48. Rb6+ Kf7 49. g4 h4 50. Rb5 Rh3+ 51. Ke4 Kf6 52.
Rf5+ Kg6 53. Rb5 Rg3 54. Rb6+ Kf7 55. Kf5 h3 56. Kxg5 h2 57. Rh6 Rg2 58. Kf4 Kg7
59. g5 Rf2+ 60. Kg4 Rg2+ 61. Kf3 Rxg5 62. Rxh2 Kf6 {Game drawn by mutual
agreement} 1/2-1/2

[Event "Team 45 45 League T100"]
[Site "Internet Chess Club"]
[Date "2024.06.02"]
[Round "3"]
[White "seattleblues"]
[Black "Fulmar"]
[Result "0-1"]
[WhiteElo "1333"]
[BlackElo "1402"]
[Opening "Queen's pawn game"]
[ECO "D02"]
[Time "21:08:17"]
[PlyCount "138"]
[TimeControl "2700+45"]

1. d4 d5 2. Nf3 e6 3. c4 a6 4. Nc3 dxc4 5. a4 Nf6 6. e4 b6 7. Bxc4 Bb7 8. Bd3 c5
9. Bc2 Nbd7 10. O-O Rc8 11. Re1 Qc7 12. d5 e5 13. Nd2 c4 14. Nf3 Bc5 15. b3 cxb3
16. Bxb3 Bxf2+ 17. Kxf2 Qxc3 18. Bd2 Qc5+ 19. Be3 Nxe4+ 20. Kg1 Qd6 21. Bc1 Nc3
22. Ba3 Nxd1 23. Bxd6 Nc3 24. Nxe5 Nxe5 25. Rxe5+ Kd7 26. Ba3 Rhe8 27. Rf5 Ne2+
28. Kf1 Nd4 29. Rxf7+ Kd8 30. Ba2 Nc2 31. Rd1 Ne3+ 32. Ke1 Nxd1+ 33. Kxd1 Rc7
34. d6 Rxf7 35. Bxf7 Rf8 36. Bc4 Rf4 37. Be2 Rxa4 38. Bc1 h6 39. g3 Rd4+ 40. Ke1
Rxd6 41. Bf4 Re6 42. Kf2 Rxe2+ 43. Kxe2 g5 44. Be5 Bc8 45. Kd2 g4 46. Kc3 Kd7
47. Kb3 Kc6 48. Ka4 Bd7 49. Ka3 a5 50. Bc3 Kb5 51. Be5 Ka6 52. Bf4 h5 53. Be3 b5
54. Bd2 Kb6 55. Bc3 b4+ 56. Bxb4 axb4+ 57. Kxb4 Be6 58. Kc3 Kc5 59. Kd3 Bc4+ 60.
Ke3 Bb5 61. Kf4 Kd4 62. Kg5 Be8 63. Kh4 Ke3 64. h3 gxh3 65. Kxh3 Kf3 66. g4
hxg4+ 67. Kh2 Kf2 68. Kh1 Bc6+ 69. Kh2 g3+ {White resigns} 0-1

[Event "Team 45 45 League T100"]
[Site "Internet Chess Club"]
[Date "2024.06.01"]
[Round "3"]
[White "burlap"]
[Black "Kingofknights"]
[Result "1-0"]
[WhiteElo "1485"]
[BlackElo "1489"]
[Opening "Benko's opening"]
[ECO "A00"]
[Time "16:01:32"]
[PlyCount "89"]
[TimeControl "2700+45"]

1. g3 d5 2. Bg2 Nf6 3. Nf3 c5 4. O-O Nc6 5. d4 Bf5 6. c3 e6 7. Bf4 Bd6 8. Bxd6
Qxd6 9. Nbd2 cxd4 10. Nxd4 Nxd4 11. cxd4 O-O 12. Qb3 Rfc8 13. Rfc1 b6 14. a3 h6
15. Nf3 Ne4 16. Nh4 Bh7 17. Bxe4 Bxe4 18. f3 Bh7 19. Rc3 g5 20. Ng2 Rxc3 21.
Qxc3 Rd8 22. Rc1 Rd7 23. Qc8+ Rd8 24. Qc7 Rd7 25. Qxd6 Rxd6 26. Rc7 a5 27. Kf2
Kg7 28. Ne1 Bb1 29. b4 axb4 30. axb4 Kg6 31. Ng2 f6 32. Ra7 Rc6 33. Ne3 f5 34.
b5 Rc3 35. Ra6 Rb3 36. Rxb6 Kf6 37. Nxd5+ Kf7 38. Rb7+ Kg6 39. Ne7+ Kf6 40. b6
Rb4 41. Ng8+ Kg6 42. d5 exd5 43. Ne7+ Kh5 44. Nxd5 g4 45. Nxb4 {Black resigns}
1-0

[Event "Team 45 45 League T100"]
[Site "Internet Chess Club"]
[Date "2024.06.01"]
[Round "3"]
[White "jjmolina1"]
[Black "ChessG2011"]
[Result "1-0"]
[WhiteElo "1494"]
[BlackElo "1340"]
[Opening "Ruy Lopez: Anderssen variation"]
[ECO "C77"]
[Time "13:04:05"]
[PlyCount "59"]
[TimeControl "2700+45"]

1. e4 e5 2. Nf3 Nc6 3. Bb5 a6 4. Ba4 Nf6 5. d3 b5 6. Bb3 h6 7. O-O Bc5 8. Nbd2
d6 9. c3 O-O 10. h3 Bd7 11. Bc2 Qc8 12. b4 Bb6 13. a4 Rb8 14. axb5 axb5 15. Bb2
g6 16. Bb3 Nh5 17. d4 exd4 18. Nxd4 Bxd4 19. cxd4 Nxb4 20. Nf3 Nc6 21. Nh4 Kg7
22. e5 Qd8 23. Nf3 Be6 24. d5 Nxe5 25. dxe6 fxe6 26. Nxe5 dxe5 27. Qxd8 Rfxd8
28. Bxe5+ Kf7 29. Bxc7 Rd3 30. Bxe6+ {Black resigns} 1-0

[Event "Team 45 45 League T100"]
[Site "Internet Chess Club"]
[Date "2024.06.02"]
[Round "3"]
[White "smsxman"]
[Black "Constrictor"]
[Result "0-1"]
[WhiteElo "1334"]
[BlackElo "1429"]
[Opening "Caro-Kann defense"]
[ECO "B11"]
[Time "14:30:20"]
[PlyCount "122"]
[TimeControl "2700+45"]

1. e4 c6 2. Nc3 d5 3. exd5 cxd5 4. d4 Nf6 5. g3 Bg4 6. Nf3 e6 7. Be2 Nc6 8. Be3
Bh3 9. a3 a6 10. Bf1 Bxf1 11. Rxf1 Bd6 12. Bg5 h6 13. Be3 Qc7 14. Qe2 b5 15. b4
Rc8 16. Na2 Ne4 17. c3 Ne7 18. Rc1 Qc4 19. Qxc4 Rxc4 20. Nd2 Nxd2 21. Kxd2 Kd7
22. f4 g6 23. Rc2 Rhc8 24. Rfc1 Ng8 25. Ke2 Nf6 26. Kf3 Ne4 27. Kg2 h5 28. h3
Ke7 29. Bf2 h4 30. Be1 hxg3 31. Bxg3 Nxg3 32. Kxg3 g5 33. Rf1 Bxf4+ 34. Kg4 Rh8
35. Rh1 Rh4+ 36. Kf3 Rc8 37. Nc1 Rch8 38. Kg2 g4 39. Nd3 gxh3+ 40. Kf3 Bd6 41.
Nf2 R8h5 42. Ke3 h2 43. Kf3 Rf5+ 44. Kg2 Rg5+ 45. Kf1 Bg3 46. Nd3 Bd6 47. Ne5
Bxe5 48. dxe5 Rg1+ 49. Rxg1 hxg1=Q+ 50. Kxg1 Re4 51. Kf2 Rxe5 52. Kf3 f5 53. Rh2
Re1 54. Rh7+ Kf6 55. Kf4 Rc1 56. Ra7 Rxc3 57. Rxa6 Rh3 58. a4 Rh4+ 59. Kg3 Rxb4
60. a5 Ra4 61. Rb6 Rxa5 {White resigns} 0-1

[Event "Team 45 45 League T100"]
[Site "Internet Chess Club"]
[Date "2024.06.01"]
[Round "3"]
[White "rgadoury"]
[Black "Tjet"]
[Result "1/2-1/2"]
[WhiteElo "1116"]
[BlackElo "1234"]
[Opening "Queen's Pawn"]
[ECO "A41"]
[Time "16:04:40"]
[PlyCount "51"]
[TimeControl "2700+45"]

1. d4 d6 2. g3 Nf6 3. Bg2 c6 4. e4 Bg4 5. Qd3 Bd7 6. Ne2 h6 7. O-O e6 8. c3 Be7
9. Nd2 O-O 10. c4 e5 11. d5 c5 12. b3 Na6 13. a3 Nc7 14. Nc3 a6 15. Bb2 Rb8 16.
a4 Qe8 17. Qc2 b5 18. axb5 axb5 19. cxb5 Nxb5 20. Nxb5 Bxb5 21. Nc4 Bxc4 22.
bxc4 Qd7 23. Bc3 Rb7 24. Rfb1 Rfb8 25. Rxb7 Qxb7 26. f3 {Game drawn by mutual
agreement} 1/2-1/2

[Event "Team 45 45 League T100"]
[Site "Internet Chess Club"]
[Date "2024.05.31"]
[Round "3"]
[White "Manch"]
[Black "vollmerj"]
[Result "1/2-1/2"]
[WhiteElo "1387"]
[BlackElo "1514"]
[Opening "Sicilian: closed"]
[ECO "B23"]
[Time "12:32:21"]
[PlyCount "163"]
[TimeControl "2700+45"]

1. e4 c5 2. Nc3 g6 3. d4 cxd4 4. Qxd4 Nf6 5. e5 Nc6 6. Qe3 Ng4 7. Qe4 Ngxe5 8.
f4 Ng4 9. f5 Nf6 10. Qf4 d5 11. fxg6 hxg6 12. Qf3 Bg4 13. Qd3 Bf5 14. Qd1 a6 15.
a3 e5 16. Bg5 d4 17. Nf3 Bg7 18. Ne2 Qb6 19. Bxf6 Bxf6 20. Ng3 Qxb2 21. Nxf5
gxf5 22. Rb1 Qc3+ 23. Qd2 Qxd2+ 24. Nxd2 b5 25. Nb3 Be7 26. Ra1 e4 27. g3 Ne5
28. Nxd4 Bf6 29. Rd1 Nd3+ 30. cxd3 Bxd4 31. dxe4 Bc3+ 32. Ke2 fxe4 33. Bg2 f5
34. Rd5 Rf8 35. Rf1 Rd8 36. Rxd8+ Kxd8 37. Bxe4 Rh8 38. Bxf5 Rxh2+ 39. Kd3 Bb2
40. g4 Bxa3 41. g5 Rg2 42. g6 a5 43. Kd4 Bb2+ 44. Kc5 b4 45. Kb5 Bc3 46. Kxa5
b3+ 47. Kb5 b2 48. Kc4 Bg7 49. Rd1+ Ke8 50. Kb3 Rg5 51. Bb1 Ke7 52. Re1+ Kd6 53.
Rf1 Rb5+ 54. Ka4 Rb7 55. Rd1+ Kc5 56. Rf1 Ra7+ 57. Kb3 Rb7+ 58. Kc2 Rc7 59. Kd2
Kd6 60. Bc2 Bh6+ 61. Kd3 Bg7 62. Kd2 Re7 63. Rf3 Rb7 64. Bb1 Rc7 65. Rd3+ Ke6
66. Re3+ Kd5 67. Ba2+ Kd4 68. Rd3+ Ke4 69. Re3+ Kf4 70. Rb3 Kg5 71. Rg3+ Kf5 72.
Bb1+ Kf4 73. Rb3 Rd7+ 74. Ke2 Rc7 75. Rf3+ Kg4 76. Rf7 Rxf7 77. gxf7 Kg5 78. Ba2
Kf4 79. Kd2 Ke4 80. Kc2 Kf5 81. f8=Q+ Bxf8 82. Kxb2 {Game drawn because neither
player has mating material} 1/2-1/2

[Event "Team 45 45 League T100"]
[Site "Internet Chess Club"]
[Date "2024.05.31"]
[Round "3"]
[White "isolani"]
[Black "jfkingiii"]
[Result "1-0"]
[WhiteElo "1450"]
[BlackElo "1418"]
[Opening "QGD: classical variation (5.Bf4)"]
[ECO "D37"]
[Time "17:00:34"]
[PlyCount "45"]
[TimeControl "2700+45"]

1. d4 d5 2. Nf3 Nf6 3. c4 e6 4. Nc3 Be7 5. Bf4 O-O 6. h4 c5 7. h5 h6 8. e3 Nc6
9. Be2 dxc4 10. Bxc4 cxd4 11. exd4 Re8 12. Qd2 Nd5 13. O-O Nxf4 14. Qxf4 Bf6 15.
Rad1 Na5 16. Bd3 b6 17. b4 Nc6 18. Be4 Bd7 19. b5 Na5 20. Bxa8 Qxa8 21. Ne4 Be7
22. a4 Rc8 23. Ne5 {Black resigns} 1-0

[Event "Team 45 45 League T100"]
[Site "Internet Chess Club"]
[Date "2024.05.31"]
[Round "3"]
[White "kabubi"]
[Black "Balderdash"]
[Result "0-1"]
[WhiteElo "1163"]
[BlackElo "1169"]
[Opening "King's pawn game"]
[ECO "C50"]
[Time "21:18:23"]
[PlyCount "66"]
[TimeControl "2700+45"]

1. e4 e5 2. Nf3 Nc6 3. Bc4 Nh6 4. d4 d6 5. Bxh6 gxh6 6. O-O Bg4 7. Qd3 Nb4 8.
Qb3 d5 9. exd5 Bxf3 10. a3 Qg5 11. Qxf3 Nxc2 12. Ra2 Nxd4 13. Qe4 O-O-O 14. Rd1
Bc5 15. b4 Bb6 16. a4 Rhg8 17. a5 f5 18. axb6 fxe4 19. g3 Nf3+ 20. Kg2 a6 21.
Nc3 Qg4 22. h3 Nh4+ 23. Kf1 Qxh3+ 24. Ke2 Qg4+ 25. Kf1 e3 26. gxh4 Qg2+ 27. Ke2
Qxf2+ 28. Kd3 Qf5+ 29. Ne4 e2 30. Rxe2 Rg3+ 31. Re3 Rxe3+ 32. Kxe3 Qf4+ 33. Kd3
Qf3+ {White resigns} 0-1

[Event "Team 45 45 League T100"]
[Site "Internet Chess Club"]
[Date "2024.05.31"]
[Round "3"]
[White "noblitz-oblige"]
[Black "clarinetref"]
[Result "0-1"]
[WhiteElo "1491"]
[BlackElo "1484"]
[Opening "St. George defense"]
[ECO "B00"]
[Time "20:37:36"]
[PlyCount "53"]
[TimeControl "2700+45"]

1. e4 a6 2. d4 e6 3. Nf3 d5 4. exd5 exd5 5. h3 Bd6 6. Bd3 Ne7 7. O-O O-O 8. Nc3
c6 9. Re1 Bf5 10. Rxe7 Bxd3 11. Rxb7 Bb5 12. a4 Bc4 13. b3 Qc8 14. Rxb8 Rxb8 15.
bxc4 dxc4 16. Qe2 Qe6 17. Qxe6 fxe6 18. Ne5 Bxe5 19. dxe5 Rf5 20. g4 Rf3 21. Rb1
Rbf8 22. Be3 Rxh3 23. Rb6 h5 24. gxh5 Rxh5 25. Rxc6 Rxe5 26. Rxc4 Rf6 27. Kf1
{White resigns} 0-1

[Event "Team 45 45 League T100"]
[Site "Internet Chess Club"]
[Date "2024.06.02"]
[Round "3"]
[White "herrahuu"]
[Black "sdcohle"]
[Result "0-1"]
[WhiteElo "1373"]
[BlackElo "1404"]
[Opening "French: advance, Paulsen attack"]
[ECO "C02"]
[Time "12:32:09"]
[PlyCount "44"]
[TimeControl "2700+45"]

1. e4 e6 2. d4 d5 3. e5 c5 4. c3 Nc6 5. Nf3 f6 6. Nh4 g6 7. Nf3 fxe5 8. Nxe5
Nxe5 9. dxe5 Bg7 10. f4 Ne7 11. Be2 O-O 12. O-O Qb6 13. Kh1 Bd7 14. Nd2 Rf7 15.
Nf3 Bh6 16. Ng5 Bxg5 17. fxg5 Raf8 18. Rxf7 Rxf7 19. Bf3 Nc6 20. Qe2 Qc7 21. h4
Qxe5 22. Qd1 Qg3 {White resigns} 0-1

[Event "Team 45 45 League T100"]
[Site "Internet Chess Club"]
[Date "2024.06.01"]
[Round "3"]
[White "Denis240964"]
[Black "SeniorCitizen"]
[Result "1-0"]
[WhiteElo "1318"]
[BlackElo "1096"]
[Opening "French: exchange variation"]
[ECO "C01"]
[Time "13:00:32"]
[PlyCount "73"]
[TimeControl "2700+45"]

1. e4 e6 2. d4 d5 3. exd5 exd5 4. Nf3 Nf6 5. c3 Be7 6. Be2 O-O 7. O-O Nbd7 8.
Ne5 c6 9. f4 Qb6 10. b3 Bd6 11. g3 Nxe5 12. fxe5 Bxe5 13. Kg2 Bd6 14. Qd3 Qc7
15. Bf4 Be6 16. Nd2 Bxf4 17. Rxf4 Ne4 18. Kg1 g5 19. Rxe4 dxe4 20. Qxe4 f5 21.
Qxe6+ Qf7 22. Bc4 Qxe6 23. Bxe6+ Kg7 24. Rf1 f4 25. g4 Rae8 26. Bf5 Re2 27. Rf2
Re1+ 28. Rf1 Re2 29. Rd1 h6 30. Bd3 Re3 31. Nf1 Re7 32. Kf2 Kf6 33. Re1 Rfe8 34.
Rxe7 Rxe7 35. Nd2 Re3 36. Bf5 Rxc3 37. Ne4+ {Black resigns} 1-0

[Event "Team 45 45 League T100"]
[Site "Internet Chess Club"]
[Date "2024.05.31"]
[Round "3"]
[White "thundercat1"]
[Black "tamky70"]
[Result "0-1"]
[WhiteElo "997"]
[BlackElo "1303"]
[Opening "Queen's pawn"]
[ECO "A40"]
[Time "19:30:27"]
[PlyCount "90"]
[TimeControl "2700+45"]

1. d4 c6 2. c3 d5 3. Bf4 Nf6 4. Nd2 Nbd7 5. Ngf3 e6 6. e3 Be7 7. Bd3 Nb6 8. Ne5
Nbd7 9. Nef3 Nf8 10. Ng5 Ng6 11. Nh3 O-O 12. Nf3 Ne4 13. Bxe4 dxe4 14. Ne5 Nxf4
15. Nxf4 f6 16. Ng4 e5 17. dxe5 Qxd1+ 18. Rxd1 Bxg4 19. Rd4 fxe5 20. Rxe4 exf4
21. Rxe7 fxe3 22. O-O Rxf2 23. Rxf2 exf2+ 24. Kxf2 Rb8 25. h3 Bh5 26. g4 Kf8 27.
Re5 Bg6 28. Kg3 Re8 29. Ra5 a6 30. Ra4 Kg8 31. Rf4 Be4 32. g5 Bd5 33. a3 Re2 34.
Rb4 c5 35. Rb6 Bc6 36. h4 g6 37. c4 Re3+ 38. Kf4 Re4+ 39. Kg3 Rxc4 40. b3 Rd4
41. a4 a5 42. Kh3 Kf7 43. Kg3 Ke6 44. Kh3 Kd6 45. Kg3 Kc7 {White resigns} 0-1

[Event "Team 45 45 League T100"]
[Site "Internet Chess Club"]
[Date "2024.06.03"]
[Round "3"]
[White "mongmong"]
[Black "Electryon"]
[Result "1/2-1/2"]
[WhiteElo "1474"]
[BlackElo "1489"]
[Opening "Old Indian: main line"]
[ECO "A55"]
[Time "14:02:21"]
[PlyCount "105"]
[TimeControl "2700+45"]

1. d4 Nf6 2. Nf3 d6 3. c4 Nbd7 4. Nc3 e5 5. e4 c6 6. Be2 Be7 7. O-O O-O 8. Be3
Qc7 9. h3 Re8 10. Qc2 Nf8 11. Rfd1 Bd7 12. Rac1 Rad8 13. d5 c5 14. Nd2 Ng6 15.
f3 Nh5 16. Nf1 Nhf4 17. Bxf4 Nxf4 18. Bd3 Rf8 19. Ne2 Nxd3 20. Rxd3 f5 21. Nc3
Rf6 22. exf5 Bxf5 23. Ne4 Rg6 24. Kh1 Qc8 25. Nfg3 Rf8 26. Nxf5 Qxf5 27. Qe2 Bh4
28. Rf1 Qf4 29. Qe3 Qf7 30. Rd2 Qf5 31. Re2 Bg5 32. Nxg5 Rxg5 33. Qe4 Qf6 34.
Ref2 Rf5 35. b3 Rf4 36. Qc2 Qg5 37. Re2 b6 38. Re4 Qh4 39. Rxf4 Rxf4 40. Qe2 Qg5
41. Re1 Rd4 42. Rd1 Qf4 43. Rxd4 Qxd4 44. Kh2 Qf4+ 45. Kg1 Qc1+ 46. Kf2 Qc3 47.
Qe3 Qd4 48. Qxd4 exd4 49. f4 Kf7 50. Kf3 Kf6 51. Ke4 h6 52. g4 g5 53. f5 {Game
drawn by mutual agreement} 1/2-1/2

[Event "Team 45 45 League T100"]
[Site "Internet Chess Club"]
[Date "2024.05.31"]
[Round "3"]
[White "BrerRabbit"]
[Black "tightfist"]
[Result "0-1"]
[WhiteElo "1304"]
[BlackElo "1512"]
[Opening "Queen's pawn"]
[ECO "E06"]
[Time "19:03:42"]
[PlyCount "76"]
[TimeControl "2700+45"]

1. d4 e6 2. Nf3 d5 3. g3 Be7 4. Bg2 Nf6 5. O-O O-O 6. c4 dxc4 7. Qc2 Nbd7 8.
Qxc4 Nb6 9. Qc2 c6 10. Nc3 Nbd5 11. a3 Qc7 12. e4 Nb6 13. Bg5 a6 14. Rac1 Bd7
15. e5 Nfd5 16. Bxe7 Nxe7 17. Ng5 Ng6 18. Nce4 Qd8 19. Nf3 Rc8 20. Nd6 Rc7 21.
Nd2 Qe7 22. N2e4 Nc8 23. Qe2 Qd8 24. Rc2 Nxd6 25. Nxd6 Bc8 26. Rfc1 f6 27. f4
Ne7 28. b4 Nf5 29. Nxf5 exf5 30. Qd3 fxe5 31. Qc4+ Kh8 32. dxe5 Rd7 33. Qe2 Rd3
34. a4 Qd4+ 35. Kf1 Rd8 36. Ke1 Re3 37. Qxe3 Qxe3+ 38. Re2 Qxc1+ {White resigns}
0-1

[Event "Team 45 45 League T100"]
[Site "Internet Chess Club"]
[Date "2024.06.02"]
[Round "3"]
[White "olivermx"]
[Black "Ostap-Bender"]
[Result "1-0"]
[WhiteElo "1448"]
[BlackElo "1239"]
[Opening "Queen's pawn game"]
[ECO "A46"]
[Time "09:00:58"]
[PlyCount "61"]
[TimeControl "2700+45"]

1. d4 Nf6 2. Nf3 e6 3. Bf4 d5 4. e3 c5 5. c3 Nc6 6. Nbd2 cxd4 7. exd4 Bd6 8. Bg3
O-O 9. Bd3 h6 10. Qc2 Bd7 11. Bxd6 Re8 12. O-O Bc8 13. Bg3 Ne7 14. Ne5 Nf5 15.
Rae1 Nxg3 16. fxg3 Qc7 17. Qd1 Bd7 18. Nxd7 Qxd7 19. Nf3 Rac8 20. Qd2 b5 21. Ne5
Qb7 22. a3 a6 23. g4 Nh7 24. Bxh7+ Kxh7 25. Rxf7 Re7 26. Ref1 Kg8 27. g5 Rxf7
28. Rxf7 Rc7 29. Rxc7 Qxc7 30. gxh6 gxh6 31. Qxh6 {Black resigns} 1-0